 Dungeon Crawl Stone Soup version 0.21-a0-164-g4aaa757 (webtiles) character file.

371258 Lavandula the Eclecticist (level 22, -8/101 HPs)
             Began as a Tengu Wizard on Aug 5, 2017.
             Was the Champion of Vehumet.
             Mangled by a balrug
             ... wielding a +0 demon whip of venom
              (23 damage)
             ... on level 5 of the Abyss on Aug 6, 2017.
             The game lasted 05:58:27 (27643 turns).

Lavandula the Eclecticist (Tengu Wizard)           Turns: 27643, Time: 05:58:28

Health: -8/101     AC: 13    Str: 16 (17) XL:     22   Next: 29%
Magic:  1/57       EV: 22    Int: 34      God:    Vehumet [******]
Gold:   2245       SH: 15    Dex: 17      Spells: 4/61 levels left

rFire    . . .     SeeInvis +   a - +9 dagger (venom)
rCold    + . .     Gourm    .   s - +1 buckler
rNeg     + + +     Faith    .   l - +2 robe {rC+ rF+}
rPois    +         Spirit   .   R - +3 hat of Pondering {ponderous, MR+ MP+10 Int+5}
rElec    +         Reflect  +   o - +2 ratskin cloak {+Rats rPois rN+ Str-1 Int-1 Dex+1}
rCorr    .         Harm     .   k - +0 pair of gloves "Qelun" {Regen+ Int+3}
MR       ++...                  (boots unavailable)
Stlth    +++++.....             B - +4 amulet of reflection
HPRegen  0.66/turn              h - ring "Ysion" {rPois rN+ Str+2 Dex+3}
MPRegen  0.35/turn              E - ring of the Curious Mice {rElec rF- rN+ Str+7}

@: flying quickly and evasively, studying Long Blades
A: beak, talons 3, icy blue scales 1, large bone plates 1, see invisible, blink,
[frail 2], [subdued magic 2], able to fly 2
}: 3/15 runes: decaying, serpentine, abyssal
a: Stop Flying, Blink, Renounce Religion, Evoke Ratskin


You were on level 5 of the Abyss.
You worshipped Vehumet.
Vehumet was exalted by your worship.
You were not hungry.

You visited 9 branches of the dungeon, and saw 38 of its levels.
You visited the Abyss 1 time.
You also visited: Ice Cave.

You collected 3796 gold pieces.
You spent 1551 gold pieces at shops.

Inventory:

Hand Weapons
 a - a +9 dagger of venom (weapon)
Missiles
 n - 3 steel javelins (quivered)
 H - 3 throwing nets
Armour
 k - the +0 pair of gloves "Qelun" (worn) {Regen+ Int+3}
   (You found it on level 3 of the Vaults)

   It affects your intelligence (+3).
   It increases your rate of regeneration.
 l - a +2 robe of resistance (worn)
 o - the +2 ratskin cloak (worn) {+Rats rPois rN+ Str-1 Int-1 Dex+1}
   (You found it on level 4 of the Dungeon)

   It affects your strength (-1).
   It affects your intelligence (-1).
   It affects your dexterity (+1).
   It protects you from poison.
   It protects you from negative energy.
 s - a +1 buckler (worn)
 x - a +0 shield of positive energy
 C - a +1 troll leather armour
 R - the +3 hat of Pondering (worn) {ponderous, MR+ MP+10 Int+5}
   (You took it off Gastronok on level 1 of the Orcish Mines)

   It affects your intelligence (+5).
   It affects your resistance to hostile enchantments.
   It affects your magic capacity (+10).
Magical Staves
 u - an uncursed staff of conjuration
 L - an uncursed staff of fire
Jewellery
 h - the ring "Ysion" (left hand) {rPois rN+ Str+2 Dex+3}
   (You found it on level 3 of the Crypt)

   [ring of positive energy]

   It affects your strength (+2).
   It affects your dexterity (+3).
   It protects you from poison.
   It protects you from negative energy.
 j - a +3 ring of evasion
 r - the ring of Baluss {rC+++ Str-5 Int+4 Stlth-}
   (You found it in an ice cave)

   [ring of loudness]

   It affects your strength (-5).
   It affects your intelligence (+4).
   It renders you almost immune to cold.
   It makes you less stealthy.
 B - a +4 amulet of reflection (around neck)
 E - the ring of the Curious Mice (right hand) {rElec rF- rN+ Str+7}
   (You found it on level 3 of the Crypt)

   [ring of positive energy]

   It affects your strength (+7).
   It makes you vulnerable to fire.
   It insulates you from electricity.
   It protects you from negative energy.
 M - the amulet "Paoti" {Spirit *Slow MR+ Str+2 Dex+3, unknown}
   (You took it off an ironbrand convoker on level 5 of the Vaults)

   [amulet of guardian spirit]

   It causes incoming damage to be split between your health and magic.
   It affects your strength (+2).
   It affects your dexterity (+3).
   It affects your resistance to hostile enchantments.
   It may slow you when you take damage.
Wands
 f - a wand of digging (8/24)
 v - a wand of clouds (0/9)
 P - a wand of confusion (12/48)
 S - a wand of paralysis (0/24)
Scrolls
 b - a scroll of acquirement {unknown}
 c - a scroll of magic mapping
 t - 8 scrolls of remove curse
 y - 2 scrolls of amnesia
 z - 3 scrolls of recharging
 A - a scroll of enchant weapon
 F - 3 scrolls of immolation
 Y - a scroll of silence
Potions
 e - 7 potions of might
 g - 2 potions of mutation
 i - a potion of cancellation {unknown}
 m - 2 potions of lignification
 q - 3 potions of brilliance
 U - 5 potions of berserk rage
 X - a potion of resistance
Books
 p - a book of Clouds

   Spells                             Type                      Level
   a - Poisonous Vapours              Poison/Air                   2
   b - Mephitic Cloud                 Conjuration/Poison/Air       3
   c - Conjure Flame                  Conjuration/Fire             3
   d - Freezing Cloud                 Conjuration/Ice/Air          6
   e - Ring of Flames                 Charms/Fire                  7
 O - the Tome of Conjuration and Unholy Arts
   (You found it on level 5 of the Vaults)

   Spells                             Type                      Level
   a - Flame Tongue                   Conjuration/Fire             1
   b - Pain                           Necromancy                   1
   c - Force Lance                    Conjuration/Translocation    4
   d - Simulacrum                     Ice/Necromancy               6
   e - Death Channel                  Necromancy                   6
 Q - a manual of Long Blades
Miscellaneous
 G - a lamp of fire (inert)
 N - a crystal ball of energy
 T - a fan of gales (inert)
 Z - a lightning rod (1/4)
Comestibles
 d - 8 bread rations
 J - 24 fruits


   Skills:
 - Level 9.7 Fighting
 - Level 9.4(10.0) Short Blades
 - Level 5.1(8.0) Long Blades
 - Level 5.4 Armour
 - Level 8.6 Dodging
 - Level 10.0 Stealth
 - Level 5.8 Shields
 + Level 20.1 Spellcasting
 - Level 15.2 Conjurations
 - Level 2.8 Charms
 - Level 5.3 Summonings
 - Level 8.7 Necromancy
 - Level 6.0 Translocations
 - Level 15.6 Fire Magic
 - Level 6.2 Ice Magic
 - Level 8.1 Air Magic
 - Level 4.2 Poison Magic
 - Level 5.9 Evocations


You had 4 spell levels left.
You knew the following spells:

 Your Spells              Type           Power        Failure   Level  Hunger
a - Ozocubu's Armour      Chrm/Ice       #####...     1%          3    None
b - Ignition              Fire           ######....   1%          8    ####...
c - Blink                 Tloc           N/A          1%          2    None
d - Conjure Flame         Conj/Fire      ######..     0%          3    None
e - Mephitic Cloud        Conj/Pois/Air  ######..     0%          3    None
f - Bolt of Fire          Conj/Fire      ######....   1%          6    None
g - Apportation           Tloc           #####.       1%          1    None
h - Summon Lightning Spi  Summ/Air       ######..     1%          4    None
i - Regeneration          Chrm/Necr      #####.....   1%          3    None
j - Animate Dead          Necr           N/A          1%          4    None
k - Freezing Cloud        Conj/Ice/Air   ######....   1%          6    None
l - Passwall              Tmut/Erth      ###.......   1%          2    None
m - Control Undead        Necr           ######....   1%          4    None
n - Summon Butterflies    Summ           #####...     1%          1    None
o - Orb of Destruction    Conj           ######....   1%          7    #......


Dungeon Overview and Level Annotations

Branches:
Dungeon (14/15)            Temple (1/1) D:6            Lair (4/6) D:8
  Swamp (4/4) Lair:3        Snake (4/4) Lair:4          Orc (2/2) D:9
    Elf (1/3) Orc:2        Vaults (5/5) D:14          Crypt (3/3) Vaults:3
   Tomb (0/3) Crypt:3

Altars:
Ashenzari
Dithmenos
Elyvilon
Gozag
Hepliaklqana
Kikubaaqudgha
Nemelex Xobeh
Okawaru
Qazlal
Ru
Sif Muna
Trog
Vehumet
Wu Jian
Xom
Yredelemnul
Zin
The Shining One
Beogh

Shops:
Orc:2 (}!?   Vaults:2 ?

Portals:
Pandemonium: Orc:2

Annotations:
D:11 exclusion: downstairs
Snake:3 exclusion: upstairs
Vaults:5 Eptagon's ghost, veteran GrBe


Innate Abilities, Weirdness & Mutations

You have a beak for a mouth.
You have claws for feet.
You can fly continuously.
You are partially covered in icy blue scales. (AC +2)
You are partially covered in large bone plates. (SH +4)
You have supernaturally acute eyesight. (SInv)
You can translocate small distances at will.
[You are very frail. (-20% HP)]
[Your spells are easier to cast, but less powerful.]


Message History

The thrashing horror barely misses you. The thrashing horror tramples you.
* * * LOW HITPOINT WARNING * * *
You are shoved backwards!
You feel better.
The thrashing horror roars!
The thrashing horror tramples you.
* * * LOW HITPOINT WARNING * * *
You are shoved backwards!
You block the thrashing horror's attack.
The thrashing horror tramples you.
* * * LOW HITPOINT WARNING * * *
You are shoved backwards!
Casting: Blink
Confirm with . or Enter, or press ? or * to list all spells.
You blink.
You feel better.
The balrug hits you with a demon whip of venom.
* * * LOW HITPOINT WARNING * * *
You are engulfed in flames!!
You die...

...###...###...#..?
...#.....#........
.......XXx§.......
.#.. ..#........ .
##...###...##.# # ##
## ##.## ...
##...###...####
...#.....#..xXX#.#
....A.......X.h.@.#
....#.....#.3..2#...#
...# #...###...###..#
#.# ##.## ##.## ##.#
.. #... ##...# ..
#... .#.4.. #. # ##
...## .###.....# ...
# #.#...#. . .. #.# .
.. .


You could see a balrug, an ancient zyme, 2 thrashing horrors, 2 large
abominations, a smoke demon, a raiju, a red devil (wandering) and a small
abomination.

Vanquished Creatures
  An ancient lich (Crypt:3)
  the Lernaean hydra (Swamp:4)
  2 liches
  2 titans (Vaults:5)
  2 sphinxes
  A quicksilver dragon (Vaults:5)
  6 ancient champions
  3 tentacled starspawn (Abyss:5)
  2 thorn hunters (Swamp:4)
  Kirke (Swamp:1)
  Donald (Orc:1)
  2 storm dragons
  3 tengu reavers
  2 frost giants (Vaults:5)
  3 fire giants
  6 vault wardens
  5 nagarajas
  An emperor scorpion (shapeshifter) (Abyss:5)
  An orc warlord (Orc:1)
  A deep elf elementalist (Vaults:5)
  5 ironheart preservers
  2 ghouls
  A war gargoyle (Vaults:5)
  2 caustic shrike skeletons (Crypt:3)
  12 very ugly things
  3 stone giants
  An entropy weaver (Vaults:2)
  The ghost of MirrMurr the Warrior, a journeyman MfGl of Okawaru (IceCv)
  A deep elf demonologist (Vaults:5)
  Nessos (Orc:2)
  5 vampire knights
  2 deep elf annihilators (Vaults:5)
  3 ettins (Vaults:5)
  3 deep elf death magi
  4 eidola
  9 jiangshi
  11 ogre magi
  A great orb of eyes (Vaults:3)
  3 yaktaur captains
  Harold (D:10)
  A rakshasa (Vaults:2)
  5 naga warriors
  27 vault guards
  14 hydras
  5 centaur warriors
  3 death knights
  26 two-headed ogres
  6 anacondas
  A deep troll shaman (Vaults:3)
  3 alligators
  7 thrashing horrors (Abyss:5)
  4 orc high priests (Orc:2)
  4 naga sharpshooters
  3 shock serpents
  3 deep elf knights
  4 titan skeletons (Crypt:3)
  A soul eater (Crypt:3)
  2 vampire magi
  4 wretched stars (Abyss:5)
  5 shadow wraiths
  A sixfirhy (Abyss:5)
  14 skeletal warriors
  2 spatial maelstroms (Abyss:5)
  9 large abominations (Abyss:5)
  8 swamp dragons
  A torturous demonspawn (Orc:2)
  3 deep trolls
  8 naga ritualists
  A wizard (D:14)
  3 shambling mangroves
  3 unseen horrors
  2 shadow demons (Abyss:5)
  4 flayed ghosts
  A gelid demonspawn (Orc:2)
  4 small abominations
  8 ironbrand convokers
  2 deep elf archers
  An infernal demonspawn (Orc:2)
  2 golden dragon skeletons (Crypt:3)
  3 phantasmal warriors
  4 glowing orange brains
  A wolf spider (Vaults:3)
  8 orc knights
  8 orc sorcerers
  5 mana vipers
  2 necromancers
  3 salamanders
  2 cyclopes
  2 worldbinders (Abyss:5)
  12 ugly things
  4 deep elf magi
  A shadow dragon skeleton (Crypt:3)
  2 manticores
  5 elephants (Lair:4)
  11 vault sentinels
  An iron dragon skeleton (Crypt:3)
  4 ice statues (IceCv)
  2 stone giant skeletons
  2 fire giant skeletons (Crypt:3)
  A frost giant skeleton (Crypt:1)
  2 apocalypse crabs (Abyss:5)
  24 black mambas
  4 naga magi
  A torpor snail (Lair:2)
  A gargoyle (D:11)
  3 guardian serpents
  4 smoke demons (Abyss:5)
  6 spiny frogs
  A rime drake (Lair:2)
  A redback zombie (D:13)
  4 freezing wraiths
  An anaconda simulacrum (IceCv)
  15 yaktaurs
  A komodo dragon (Lair:3)
  2 golden dragon simulacra (IceCv)
  An ice devil (Orc:2)
  2 ancient zymes (Abyss:5)
  A red devil (Orc:2)
  A meliai (shapeshifter) (Vaults:1)
  5 trolls
  9 hornets
  11 bog bodies
  4 tyrant leeches
  7 blink frogs
  2 harpy skeletons (Crypt:3)
  2 hydra skeletons (Crypt:3)
  8 raiju (Abyss:5)
  A blink frog (shapeshifter) (Vaults:5)
  17 slime creatures
  7 hippogriffs
  A dream sheep (Lair:2)
  An alligator zombie (Crypt:3)
  An ettin skeleton (Crypt:3)
  A shadow (Crypt:1)
  6 wraiths
  A spriggan (Swamp:1)
  A dire elephant simulacrum (IceCv)
  27 yaks
  2 ynoxinuls (Abyss:5)
  A basilisk (D:14)
  A wyvern (D:11)
  An ice dragon skeleton (Crypt:3)
  2 golden eyes (Abyss:5)
  A hog (Swamp:1)
  A neqoxec (Orc:2)
  A chaos spawn (Abyss:5)
  A steam dragon (Lair:3)
  A human simulacrum (Vaults:2)
  11 vampire mosquitoes
  4 wargs
  A gelid demonspawn zombie (Crypt:3)
  A spatial vortex (Abyss:5)
  12 swamp worms
  An iron troll simulacrum (IceCv)
  A harpy simulacrum (IceCv)
  37 nagas
  7 insubstantial wisps (Swamp:3)
  An acid dragon (D:12)
  5 porcupines
  3 hydra simulacra
  5 water moccasins
  33 orc warriors
  11 swamp drakes
  4 black bears (D:8)
  6 ice beasts (IceCv)
  A spiny frog skeleton (Crypt:3)
  2 eyes of draining
  2 necrophages
  An ettin simulacrum (IceCv)
  2 phantoms
  A sky beast (D:13)
  15 ogres
  A boggart (Vaults:2)
  2 centaurs (Vaults:3)
  A dream sheep skeleton (Crypt:2)
  9 crocodiles
  2 big kobolds
  15 bullfrogs
  4 scorpions
  A water moccasin skeleton (D:6)
  An elf simulacrum (Vaults:2)
  9 killer bees
  14 wights
  2 electric eels
  2 howler monkeys (D:10)
  4 bullfrog zombies
  6 crimson imps
  15 starcursed masses (Abyss:5)
  6 hounds
  2 jellies
  24 orc priests
  A bullfrog skeleton (D:12)
  3 centaur skeletons
  2 iguanas (D:11)
  10 orc wizards
  7 worker ants
  A killer bee zombie (Crypt:3)
  A dwarf zombie (Crypt:2)
  A demigod skeleton (Crypt:3)
  2 hound skeletons
  2 gnolls (D:6)
  A swamp drake zombie (Crypt:3)
  7 adders
  A shadow imp (D:5)
  2 oozes
  An adder skeleton (D:10)
  A worm (D:3)
  2 leopard geckos (D:4)
  45 orcs
  3 giant cockroaches
  4 hobgoblins
  2 quokkas
  2 ball pythons
  3 bats
  2 frilled lizards (D:2)
  4 goblins
  10 kobolds
  A quokka zombie (Crypt:3)
  2 rats
  3 briar patches (Swamp:4)
  A crawling corpse (Vaults:5)
  2 fulminant prisms
  A starspawn tentacle (Abyss:5)
1021 creatures vanquished.

Vanquished Creatures (collateral kills)
  A curse toe (Crypt:3)
  A golden dragon (Vaults:5)
  Jory (Vaults:2)
  2 bone dragons (Crypt:3)
  A tentacled monstrosity (Vaults:5)
  Gastronok (Orc:1)
  2 ancient champions (Crypt:3)
  A tentacled starspawn (Abyss:5)
  A revenant (Crypt:2)
  A fire giant (Vaults:5)
  A nagaraja (Snake:3)
  Roxanne (Swamp:1)
  2 vault wardens
  3 ghouls
  3 ironheart preservers
  A reaper (Crypt:2)
  3 stone giants (Vaults:2)
  A caustic shrike skeleton (Crypt:3)
  A vampire knight (Crypt:1)
  3 deep elf death magi
  3 jiangshi
  A great orb of eyes (Vaults:2)
  7 naga warriors
  A centaur warrior (Vaults:3)
  2 hydras
  A death knight (Crypt:3)
  3 alligators
  6 two-headed ogres
  An ogre mage (Vaults:2)
  3 shock serpents
  A naga sharpshooter (Snake:1)
  A soul eater (Crypt:3)
  A deep elf knight (Vaults:1)
  2 salamander mystics
  An unseen horror (D:12)
  4 skeletal warriors
  A glowing orange brain (Vaults:3)
  5 swamp dragons
  3 ironbrand convokers
  4 phantasmal warriors
  2 shambling mangroves (Swamp:2)
  A flayed ghost (Crypt:3)
  A necromancer (Crypt:1)
  3 mana vipers
  A harpy (Vaults:3)
  An ugly thing (Vaults:2)
  A cyclops (Vaults:1)
  An orc sorcerer (Orc:2)
  3 salamanders
  A stone giant skeleton (Crypt:3)
  3 black mambas
  An elephant (Lair:4)
  3 vault sentinels
  An apocalypse crab (Abyss:5)
  An ice statue (IceCv)
  A human skeleton (Vaults:2)
  A spiny frog (Swamp:2)
  2 naga magi
  A shock serpent skeleton (Crypt:3)
  2 yaktaurs (Vaults:2)
  3 small abominations
  2 freezing wraiths
  An ancient zyme (Abyss:5)
  4 hornets
  4 blink frogs (Swamp:2)
  5 bog bodies
  3 slime creatures
  A hippogriff (D:7)
  A shock serpent simulacrum (Crypt:1)
  2 starcursed masses (Abyss:5)
  2 ynoxinuls
  2 shadows (Swamp:2)
  2 large abominations (Abyss:5)
  3 wraiths
  2 hogs (Swamp:1)
  A chaos spawn (Abyss:5)
  2 vampire mosquitoes (Swamp:1)
  A steam dragon (D:6)
  A swamp worm (Swamp:4)
  Menkaure (D:5)
  7 nagas
  A swamp worm (shapeshifter) (Vaults:2)
  10 insubstantial wisps
  3 swamp drakes (Swamp:4)
  Duvessa (D:6)
  An ice beast (D:6)
  3 orc warriors
  A sky beast (D:5)
  2 ogres
  A phantom (D:4)
  A spiny frog skeleton (Crypt:3)
  A snapping turtle zombie (Crypt:1)
  A necrophage (Crypt:3)
  A crocodile (D:7)
  A big kobold (D:11)
  Dowan (D:6)
  A scorpion (D:6)
  A water moccasin skeleton (D:6)
  2 killer bees
  9 wights
  3 howler monkeys
  2 centaur zombies
  3 hounds (D:4)
  A centaur skeleton (D:4)
  3 orc priests
  2 iguanas
  Jessica (D:3)
  A worker ant (D:7)
  6 orc wizards
  A crocodile zombie (Crypt:2)
  2 gnolls
  8 adders
  A shadow imp (D:6)
  An ooze (D:2)
  3 worms
  3 dart slugs
  15 orcs
  A ball python (D:7)
  A hobgoblin (D:3)
  A quokka (D:6)
  6 kobolds
  A leopard gecko skeleton (Crypt:3)
  An orc skeleton (Crypt:1)
  A quokka skeleton (D:6)
  2 rats
  2 starspawn tentacles (Abyss:5)
277 creatures vanquished.

Vanquished Creatures (others)
  A stone giant (Vaults:4)
  2 yaktaur captains
  A thrashing horror (Abyss:5)
  A skeletal warrior (Vaults:2)
  A cyclops (Vaults:2)
  A salamander (Snake:1)
  A spiny frog (Swamp:1)
  An ancient zyme (Abyss:5)
  2 yaktaurs
  A human (Swamp:1)
  A spriggan (Swamp:2)
  A large abomination (Abyss:5)
  An orc priest (Orc:1)
  An orc (Orc:1)
  A kobold (D:10)
  14 bushes (Abyss:5)
  15 demonic plants (Abyss:5)
  2 fire vortices (Abyss:5)
  107 fulminant prisms
  12 fungi
  3 lurking horrors (Abyss:5)
  3 plants (Swamp:4)
  14 starspawn tentacles (Abyss:5)
187 creatures vanquished.

Grand Total: 1485 creatures vanquished

Notes
Turn   | Place    | Note
-------+----------+-------------------------------------------
     0 | D:1      | Lavandula the Tengu Wizard began the quest for the Orb.
     0 | D:1      | Reached XP level 1. HP: 10/10 MP: 5/5
   306 | D:2      | Found a sacrificial altar of Ru.
   459 | D:1      | Reached XP level 2. HP: 15/15 MP: 1/7
   463 | D:1      | Learned a level 2 spell: Call Imp
   570 | D:1      | Learned a level 2 spell: Blink
   799 | D:2      | Found a sparkling altar of Nemelex Xobeh.
   799 | D:2      | Found an opulent altar of Gozag.
   831 | D:2      | Reached XP level 3. HP: 15/19 MP: 1/8
   836 | D:2      | Learned a level 3 spell: Conjure Flame
  1048 | D:3      | Noticed Jessica
  1243 | D:4      | Reached XP level 4. HP: 22/24 MP: 1/9
  1287 | D:3      | Found a white marble altar of Elyvilon.
  1288 | D:3      | Found a glowing silver altar of Zin.
  1289 | D:3      | Found a glowing golden altar of the Shining One.
  1359 | D:3      | Found a bloodstained altar of Trog.
  1360 | D:3      | Found a hazy altar of Hepliaklqana.
  1450 | D:3      | Killed Jessica
  1616 | D:4      | Noticed a phantom
  1635 | D:4      | Killed a phantom
  1635 | D:4      | Gained mutation: You can fly. [Tengu growth]
  1635 | D:4      | Reached XP level 5. HP: 28/28 MP: 3/10
  1722 | D:4      | Got a faintly glowing large shield
  1728 | D:4      | Identified the +8 large shield of the Fife {MR- Slay+5} (You found it on level 4 of the Dungeon)
  1827 | D:5      | Entered Level 5 of the Dungeon
  1838 | D:4      | Reached skill level 5 in Conjurations
  1970 | D:4      | Reached XP level 6. HP: 32/32 MP: 5/11
  1998 | D:4      | Learned a level 3 spell: Mephitic Cloud
  2315 | D:6      | Found a transporter.
  2315 | D:6      | Noticed a wraith
  2403 | D:5      | Reached skill level 1 in Fighting
  2419 | D:5      | Noticed a sky beast
  2439 | D:5      | Killed a sky beast
  2513 | D:5      | Noticed Menkaure
  2523 | D:5      | Killed Menkaure
  2703 | D:6      | Found a staircase to the Ecumenical Temple.
  2716 | Temple   | Entered the Ecumenical Temple
  2747 | Temple   | Became a worshipper of Vehumet
  2794 | D:6      | Noticed Duvessa
  2810 | D:6      | Killed Duvessa
  2810 | D:6      | Reached XP level 7. HP: 41/41 MP: 4/12
  2812 | D:6      | Noticed Dowan
  2824 | D:6      | Killed Dowan
  2911 | D:6      | Noticed a steam dragon
  2918 | D:6      | Killed a steam dragon
  2944 | D:6      | Reached skill level 1 in Shields
  3044 | D:6      | Found an ancient bone altar of Kikubaaqudgha.
  3045 | D:6      | Found a basalt altar of Yredelemnul.
  3045 | D:6      | Noticed a vampire
  3060 | D:6      | Noticed a wraith
  3105 | D:6      | Found a transporter.
  3117 | D:6      | Reached * piety under Vehumet
  3117 | D:6      | Offered knowledge of Flame Tongue by Vehumet.
  3117 | D:6      | Reached XP level 8. HP: 46/46 MP: 5/13
  3235 | D:6      | Killed a wraith
  3334 | D:7      | Noticed a hippogriff
  3340 | D:7      | Killed a hippogriff
  3340 | D:7      | Reached skill level 5 in Dodging
  3662 | D:8      | Reached skill level 5 in Shields
  3752 | D:10     | Entered Level 10 of the Dungeon
  3759 | D:10     | Reached skill level 1 in Short Blades
  3825 | D:10     | Noticed a two-headed ogre
  3917 | D:10     | Killed a two-headed ogre
  3917 | D:10     | Reached skill level 5 in Short Blades
  3917 | D:10     | Reached XP level 9. HP: 51/51 MP: 5/14
  4008 | D:10     | Noticed a troll
  4029 | D:10     | Killed a troll
  4094 | D:10     | Reached ** piety under Vehumet
  4094 | D:10     | Offered knowledge of Freeze by Vehumet.
  4108 | D:10     | Reached skill level 5 in Stealth
  4310 | D:10     | Noticed Harold
  4382 | D:10     | Killed Harold
  4382 | D:10     | Reached skill level 5 in Long Blades
  4382 | D:10     | Reached XP level 10. HP: 38/56 MP: 3/15
  4527 | D:11     | Reached skill level 5 in Fighting
  4664 | D:11     | Noticed a cyclops
  4677 | D:11     | Killed a cyclops
  4735 | D:11     | Offered knowledge of Throw Flame by Vehumet.
  4797 | D:11     | Noticed a manticore
  4850 | D:11     | Killed a manticore
  4907 | D:11     | Noticed a gargoyle
  4909 | D:11     | Killed a gargoyle
  4961 | D:11     | Reached *** piety under Vehumet
  4984 | D:11     | Noticed a five-headed hydra
  5231 | D:12     | Noticed an eight-headed hydra
  5282 | D:13     | Got a translucent scarf
  5293 | D:13     | Identified the scarf "Yrheusah" {rN+ Int-5 Dex+6} (You found it on level 13 of the Dungeon)
  5385 | D:13     | Noticed a two-headed ogre
  5415 | D:13     | Offered knowledge of Iskenderun's Mystic Blast by Vehumet.
  5441 | D:13     | Learned a level 4 spell: Iskenderun's Mystic Blast
  5447 | D:13     | Reached XP level 11. HP: 67/67 MP: 16/16
  5495 | D:13     | Noticed a manticore
  5499 | D:13     | Noticed a centaur warrior
  5728 | D:13     | Reached skill level 4 in Spellcasting
  5835 | D:13     | Killed a centaur warrior
  5835 | D:13     | Reached **** piety under Vehumet
  5901 | D:12     | Noticed a white ugly thing
  5921 | D:13     | Killed a white ugly thing
  6009 | D:12     | Offered knowledge of Airstrike by Vehumet.
  6071 | D:12     | Killed an unseen horror
  6084 | D:12     | Noticed a manticore
  6247 | D:12     | Reached skill level 1 in Translocations
  6612 | D:11     | Upgraded the game from 0.21-a0-163-g3aa3f5d to 0.21-a0-164-g4aaa757
  7221 | D:11     | Killed a five-headed hydra
  7279 | D:11     | Noticed a centaur warrior
  7294 | D:11     | Killed a centaur warrior
  7368 | D:11     | Reached skill level 5 in Translocations
  7581 | D:12     | Reached XP level 12. HP: 60/72 MP: 16/19
  7714 | D:12     | Reached ***** piety under Vehumet
  7714 | D:12     | Reached skill level 5 in Summonings
  7750 | D:12     | Offered knowledge of Fulminant Prism by Vehumet.
  7763 | D:12     | Learned a level 4 spell: Fulminant Prism
  7786 | D:13     | Reached skill level 1 in Evocations
  7876 | D:14     | Noticed a centaur warrior
  7882 | D:14     | Killed a centaur warrior
  7882 | D:14     | Reached skill level 5 in Spellcasting
  8196 | D:9      | Found a staircase to the Orcish Mines.
  8221 | Orc:1    | Entered Level 1 of the Orcish Mines
  8336 | Orc:2    | Entered Level 2 of the Orcish Mines
  8352 | Orc:2    | Noticed Nessos
  8353 | Orc:2    | Reached skill level 6 in Spellcasting
  8373 | Orc:2    | Killed Nessos
  8411 | Orc:2    | Found a roughly hewn altar of Beogh.
  8481 | Orc:2    | Reached skill level 1 in Poison Magic
  8519 | Orc:2    | Noticed Donald
  8931 | Orc:1    | Killed Donald
  8938 | Orc:1    | Learned a level 5 spell: Venom Bolt
  9133 | Orc:1    | Noticed an orc warlord
  9155 | Orc:1    | wasn't worth it
  9420 | Orc:1    | Noticed Gastronok
  9482 | Orc:1    | Reached skill level 10 in Conjurations
  9498 | Orc:1    | Noticed a stone giant
  9655 | Orc:2    | Found a staircase to the Elven Halls.
  9890 | Orc:2    | Found Puohol's Distillery.
  9891 | Orc:2    | Found Omacsyza's Magic Scroll Boutique.
 10069 | Orc:2    | Reached skill level 5 in Evocations
 10075 | Orc:2    | Bought a potion of heal wounds for 60 gold pieces
 10075 | Orc:2    | Bought a potion of curing for 36 gold pieces
 10075 | Orc:2    | Bought a potion of curing for 36 gold pieces
 10075 | Orc:2    | Bought a potion of might for 48 gold pieces
 10075 | Orc:2    | Bought a potion of invisibility for 96 gold pieces
 10075 | Orc:2    | Bought a potion of agility for 48 gold pieces
 10075 | Orc:2    | Bought a potion of mutation for 96 gold pieces
 10081 | Orc:2    | Noticed a sun demon
 10230 | Orc:2    | Reached XP level 13. HP: 73/76 MP: 4/24
 10231 | Orc:2    | Offered knowledge of Bolt of Fire by Vehumet.
 10303 | Orc:2    | Reached skill level 7 in Spellcasting
 10352 | Orc:2    | Bought a scroll of fear for 45 gold pieces
 10395 | Orc:2    | Gained mutation: Armour fits poorly on your strangely shaped body. [a neqoxec]
 10406 | Orc:2    | Lost mutation: Armour fits poorly on your strangely shaped body. [potion of mutation]
 10406 | Orc:2    | Gained mutation: Your body sometimes deteriorates upon taking damage. [potion of mutation]
 10406 | Orc:2    | Gained mutation: You are partially covered in large bone plates. (SH +4) [potion of mutation]
 10406 | Orc:2    | Gained mutation: Scrolls take you a little longer to read. [potion of mutation]
 10406 | Orc:2    | Gained mutation: You are partially covered in icy blue scales. (AC +2) [potion of mutation]
 10407 | Orc:2    | Lost mutation: Scrolls take you a little longer to read. [potion of mutation]
 10407 | Orc:2    | Gained mutation: You have supernaturally acute eyesight. (SInv) [potion of mutation]
 10407 | Orc:2    | Lost mutation: Your body sometimes deteriorates upon taking damage. [potion of mutation]
 10407 | Orc:2    | Gained mutation: You can translocate small distances at will. [potion of mutation]
 10535 | Orc:2    | Bought a scroll of amnesia for 45 gold pieces
 10543 | Orc:2    | Learned a level 6 spell: Bolt of Fire
 10561 | Orc:2    | Reached skill level 8 in Spellcasting
 10838 | Orc:2    | Reached skill level 9 in Spellcasting
 11116 | Orc:2    | Found Zang's Gadget Shoppe.
 11116 | Orc:2    | Found a one-way gate leading to the halls of Pandemonium.
 11116 | Orc:2    | Found Olineor's Antique Weapon Emporium.
 11124 | Orc:2    | Reached skill level 5 in Fire Magic
 11160 | Orc:2    | Bought a scroll of enchant armour for 97 gold pieces
 11160 | Orc:2    | Bought a scroll of enchant armour for 97 gold pieces
 11160 | Orc:2    | Bought a scroll of enchant weapon for 97 gold pieces
 11193 | Orc:2    | Bought a scroll of amnesia for 45 gold pieces
 11193 | Orc:2    | Bought a scroll of vulnerability for 97 gold pieces
 11193 | Orc:2    | Bought a scroll of identify for 26 gold pieces
 11193 | Orc:2    | Bought a scroll of identify for 26 gold pieces
 11193 | Orc:2    | Bought a scroll of identify for 26 gold pieces
 11393 | Elf:1    | Entered Level 1 of the Elven Halls
 11491 | Orc:1    | Killed an orc warlord
 11612 | Orc:2    | Bought a wand of confusion (13/48) for 201 gold pieces
 12013 | Orc:1    | Killed Gastronok
 12296 | D:8      | Found a staircase to the Lair.
 12374 | D:8      | Found a shattered altar of Ashenzari.
 12390 | Lair:1   | Entered Level 1 of the Lair of Beasts
 13009 | Lair:2   | Gained mutation: You can fly continuously. [Tengu growth]
 13009 | Lair:2   | Reached XP level 14. HP: 82/82 MP: 19/28
 13331 | Lair:2   | Learned a level 3 spell: Regeneration
 13504 | Lair:4   | Found a staircase to the Snake Pit.
 13562 | Lair:3   | Reached skill level 1 in Charms
 13669 | Lair:3   | Found a staircase to the Swamp.
 13679 | Swamp:1  | Entered Level 1 of the Swamp
 13679 | Swamp:1  | Noticed Roxanne
 13805 | Swamp:1  | Reached skill level 1 in Necromancy
 13908 | Swamp:1  | Offered knowledge of Conjure Ball Lightning by Vehumet.
 14330 | Swamp:1  | Reached skill level 10 in Spellcasting
 14336 | Swamp:1  | Learned a level 4 spell: Animate Dead
 14357 | Swamp:1  | Noticed Kirke
 14376 | Swamp:1  | Noticed a sphinx
 14404 | Swamp:1  | Killed Kirke
 14404 | Swamp:1  | Reached skill level 5 in Necromancy
 14514 | Swamp:1  | Noticed a white very ugly thing
 14526 | Swamp:1  | Killed a white very ugly thing
 14653 | Swamp:1  | Killed Roxanne
 14919 | Swamp:2  | Found a frozen archway.
 14964 | IceCv    | Entered an ice cave
 14990 | IceCv    | Noticed MirrMurr's ghost (journeyman MfGl)
 15032 | IceCv    | Killed MirrMurr's ghost
 15053 | IceCv    | Noticed a white very ugly thing
 15066 | IceCv    | Killed a white very ugly thing
 15255 | IceCv    | Reached XP level 15. HP: 81/86 MP: 6/30
 15625 | IceCv    | Got a heavily runed ivory ring
 15627 | IceCv    | Identified the ring of Baluss {rC+++ Str-5 Int+4 Stlth-} (You found it in an ice cave)
 15646 | IceCv    | Got a twisted war axe
 15653 | IceCv    | Identified the +8 war axe of the Lurker {flame, rC+} (You found it in an ice cave)
 15751 | Swamp:2  | Reached ****** piety under Vehumet
 16080 | Swamp:4  | Entered Level 4 of the Swamp
 16091 | Swamp:4  | Reached skill level 11 in Spellcasting
 16187 | Swamp:4  | Offered knowledge of Poison Arrow by Vehumet.
 16648 | Swamp:4  | Noticed a thorn hunter
 16656 | Swamp:4  | Killed a thorn hunter
 16656 | Swamp:4  | Reached skill level 12 in Spellcasting
 16927 | Swamp:4  | Noticed a thorn hunter
 16938 | Swamp:4  | Killed a thorn hunter
 17006 | Swamp:4  | Reached skill level 13 in Spellcasting
 17099 | Swamp:4  | Noticed the 27-headed Lernaean hydra
 17219 | Swamp:4  | Killed the 27-headed Lernaean hydra
 17235 | Swamp:4  | Reached XP level 16. HP: 84/93 MP: 34/34
 17262 | Swamp:4  | Got a decaying rune of Zot
 17538 | Snake:1  | Entered Level 1 of the Snake Pit
 17681 | Snake:2  | Noticed a nagaraja
 17693 | Snake:2  | Killed a nagaraja
 18058 | Snake:2  | Offered knowledge of Ozocubu's Refrigeration by Vehumet.
 18319 | Snake:1  | Learned a level 6 spell: Freezing Cloud
 18407 | Snake:1  | Reached skill level 1 in Ice Magic
 18446 | Snake:2  | Reached skill level 1 in Air Magic
 18552 | Snake:2  | Learned a level 3 spell: Ozocubu's Armour
 18575 | Snake:2  | Noticed a nagaraja
 18802 | Snake:3  | Noticed a nagaraja
 18820 | Snake:3  | Killed a nagaraja
 18949 | Snake:3  | Reached skill level 14 in Spellcasting
 18977 | Snake:4  | Entered Level 4 of the Snake Pit
 19107 | Snake:4  | Reached skill level 5 in Air Magic
 19384 | Snake:4  | Noticed a nagaraja
 19400 | Snake:4  | Killed a nagaraja
 19400 | Snake:4  | Reached XP level 17. HP: 100/101 MP: 9/36
 19703 | Snake:4  | Reached skill level 5 in Ice Magic
 19870 | Snake:4  | Got a serpentine rune of Zot
 19894 | Snake:4  | Learned a level 2 spell: Passwall
 20332 | D:13     | Reached skill level 5 in Armour
 20332 | D:13     | Reached XP level 18. HP: 107/107 MP: 37/37
 20510 | D:14     | Learned a level 4 spell: Summon Lightning Spire
 20547 | D:14     | Found a gate to the Vaults.
 20566 | D:14     | Offered knowledge of Orb of Destruction by Vehumet.
 20585 | D:14     | Learned a level 7 spell: Orb of Destruction
 20590 | Vaults:1 | Entered Level 1 of the Vaults
 20980 | Vaults:2 | Reached skill level 15 in Spellcasting
 21132 | Vaults:2 | Found Duda Hekk's Magic Scroll Shop.
 21243 | Vaults:2 | Bought a scroll of fear for 49 gold pieces
 21243 | Vaults:2 | Bought a scroll of holy word for 105 gold pieces
 21243 | Vaults:2 | Bought a scroll of teleportation for 42 gold pieces
 21243 | Vaults:2 | Bought a scroll of summoning for 133 gold pieces
 21370 | Vaults:2 | Noticed Jory
 21789 | Vaults:2 | Reached skill level 16 in Spellcasting
 21842 | Vaults:2 | Reached XP level 19. HP: 103/112 MP: 40/40
 21890 | Vaults:2 | Killed Jory
 21903 | Vaults:2 | Learned a level 4 spell: Control Undead
 22344 | Vaults:2 | Offered knowledge of Bolt of Cold by Vehumet.
 22575 | Vaults:3 | Reached skill level 17 in Spellcasting
 22700 | Vaults:3 | Identified the cursed +0 pair of gloves "Qelun" {Regen+ Int+3} (You found it on level 3 of the Vaults)
 22777 | Vaults:3 | Reached skill level 18 in Spellcasting
 22943 | Vaults:3 | Found a staircase to the Crypt.
 22958 | Crypt:1  | Entered Level 1 of the Crypt
 23078 | Crypt:1  | Paralysed by a vampire knight for 3 turns
 23411 | Crypt:2  | Offered knowledge of Fire Storm by Vehumet.
 23411 | Crypt:2  | Offered knowledge of Glaciate by Vehumet.
 23411 | Crypt:2  | Offered knowledge of Ignition by Vehumet.
 23422 | Crypt:2  | Learned a level 8 spell: Ignition
 23438 | Crypt:2  | Reached skill level 10 in Fire Magic
 23470 | Crypt:3  | Entered Level 3 of the Crypt
 23521 | Crypt:2  | Reached XP level 20. HP: 97/116 MP: 13/43
 23958 | Crypt:3  | Noticed a bone dragon
 24026 | Crypt:3  | Killed a bone dragon
 24453 | Crypt:3  | Noticed an ancient lich
 24483 | Crypt:3  | Noticed a Tzitzimitl
 24540 | Crypt:3  | Noticed a Brimstone Fiend
 24815 | Crypt:3  | Noticed a bone dragon
 24839 | Crypt:3  | Killed a bone dragon
 25018 | Crypt:3  | Got a pair of pitted gloves
 25024 | Crypt:3  | Identified the +0 pair of gloves "Padi" {MR+} (You found it on level 3 of the Crypt)
 25055 | Crypt:3  | Learned a level 1 spell: Summon Butterflies
 25154 | Crypt:3  | Noticed a curse toe
 25165 | Crypt:3  | Killed a curse toe
 25257 | Crypt:3  | Identified the ring "Ysion" {rPois rN+ Str+2 Dex+3} (You found it on level 3 of the Crypt)
 25259 | Crypt:3  | Got an ancient lapis lazuli ring
 25261 | Crypt:3  | Identified the ring of the Curious Mice {rElec rF- rN+ Str+7} (You found it on level 3 of the Crypt)
 25505 | Crypt:3  | Reached skill level 19 in Spellcasting
 25509 | Crypt:3  | Learned a level 1 spell: Apportation
 25517 | Crypt:3  | Found a staircase to the Tomb.
 25621 | Crypt:3  | Killed an ancient lich
 26057 | Vaults:5 | Entered Level 5 of the Vaults
 26059 | Vaults:5 | Reached XP level 21. HP: 101/121 MP: 45/45
 26059 | Vaults:5 | Reached skill level 15 in Fire Magic
 26092 | Vaults:5 | Noticed a golden dragon
 26100 | Vaults:5 | Killed a golden dragon
 26111 | Vaults:5 | Noticed Eptagon's ghost (veteran GrBe)
 26172 | Vaults:5 | Reached skill level 15 in Conjurations
 26781 | Vaults:5 | Got a coiled copper amulet
 26786 | Vaults:5 | Identified the Tome of Conjuration and Unholy Arts
 26831 | Vaults:5 | Reached skill level 20 in Spellcasting
 26837 | Vaults:5 | Noticed an ancient lich
 26859 | Vaults:5 | Cast into level 5 of the Abyss (an ancient lich)
 26859 | Abyss:5  | Entered Level 5 of the Abyss
 27115 | Abyss:5  | Reached XP level 22. HP: 127/127 MP: 36/47
 27428 | Abyss:5  | Reached skill level 10 in Stealth
 27478 | Abyss:5  | Got an abyssal rune of Zot
 27620 | Abyss:5  | Noticed a profane servitor
 27643 | Abyss:5  | Mangled by a balrug

Vault maps used:
D:1:      sevenhm_arrival_forest_fort_small_4, serial_corexii_hall,
          corexii_hall_statues_l, corexii_hall_statues_l, corexii_hall_statues_u
D:2:      grunt_temple_overflow_opulence, nicolae_ru_great_annihilating_truth,
          minmay_misc_feat_doors
D:3:      good_gods_temple_1, gammafunk_temple_overflow_statue, uniq_jessica
D:4:      serial_curves, eino_curves_04, eino_curves_01, cheibrodos_gnoll_hut
D:5:      first_bread, uniq_menkaure
D:6:      gammafunk_temple_of_torment, minmay_temple_entry_mist,
          minmay_divided_ellipse, uniq_duvessa
D:7:      serial_shops, nicolae_shop_trees
D:8:      cheibrodos_ashenzari_chains, due_lair_maze_entry_diamond
D:9:      makhleb_blood_cavern_becter, erik_orc_3, serial_shops,
          kennysheep_mini_moat, hangedman_decor_lopped, uniq_erolcha
D:10:     uniq_harold
D:11:     blue_anna_alchemist, grunt_ministairs_9, kennysheep_generic_room_6
D:12:     nicolae_water_bricks
D:13:     kennysheep_six_static_rooms
D:14:     david_vaults_1, minmay_misc_feat_plants, amethyst_killhole
Temple:   cyrus_temple_forest
Lair:2:   serial_bayou_pond_d, nicolae_quartered_pool_medium,
          serial_bayou_pond_b, hangedman_lair_generics_rect
Lair:3:   nicolae_swamp_entry_splash_gauntlet, minivault_24,
          serial_bayou_shore_b, infiniplex_staircase_pool_2
Lair:4:   dummy_snake_entry, special_room, serial_bayou_ford_a,
          beast_lair_carwin_6
Swamp:1:  nicolae_swamp_trees_clearing, swamp_pool1, st_swamp_mini, uniq_kirke,
          uniq_roxanne
Swamp:2:  portal_ice_cave_entry_pillars_1, evilmike_swamp_ruin_rubble_1
Swamp:3:  hangedman_swamp_lotus
Swamp:4:  grunt_swamp_rune_castle, swamp_pool4
Snake:2:  minmay_shoptagon, lemuel_fruit_tree
Snake:4:  minmay_snake_end_coiled, corexii_hall_statues_s
Orc:1:    uniq_gastronok
Orc:2:    pf_orc_diabolical, basic_altar, uniq_donald, uniq_nessos
Elf:1:    basic_altar, hangedman_elf_represent, elves_outpost_lemuel
Vaults:1: nicolae_vaults_network_quinsquares, v_misc_30, st_spiral_rooms,
          ontoclasm_vaults_ring_square, nicolae_vaults_mini_display_case,
          vaults_room_grid, ontoclasm_vaults_chip, nicolae_vaults_shelves_hall,
          hangedman_vaults_variations, nicolae_vaults_specimen_jars,
          grunt_vaults_twisty, ontoclasm_vaults_tryst
Vaults:2: grunt_vaults_funnel, ontoclasm_vaults_claustrophobia,
          dpeg_vaults_monster_row, v_misc_18, vaults_mumra_hex,
          nicolae_vaults_little_squares_4, ontoclasm_vaults_chip, serial_shops,
          shop, uniq_jory
Vaults:3: v_alt_pattern_2, minmay_crypt_entry_simple_statues, v_misc_2,
          v_rooms_3, vaults_room_mumra_shop_pool,
          nicolae_vaults_branching_niches, v_misc_1, hangedman_vaults_stream,
          v_misc_13, ontoclasm_vaults_hangar, nicolae_vaults_border_crossing,
          grunt_vaults_hallway_long, vaults_room_pool
Vaults:4: ontoclasm_vaults_ring_small, v_misc_24, nicolae_vaults_alarming,
          v_misc_3, v_misc_31, v_misc_4, hangedman_vaults_cutoff,
          vaults_dpeg_cross, ontoclasm_vaults_spin, nicolae_vaults_asterisk
Crypt:1:  minmay_misc_feat_five, grunt_ministairs_14, fountainhead
Crypt:3:  due_elkab, grunt_ministairs_14, st_stairs_3
Abyss:5:  dshaligram_kb_abyss_rune_zappy_water_cross
IceCv:    ice_cave_statue_garden_chambered

Skill      XL: |  1  2  3  4  5  6  7  8  9 10 11 12 13 14 15 16 17 18 19 20 21 22 |
---------------+-------------------------------------------------------------------+-----
Conjurations   | 2 3 4 5 6 9 10 12 15 | 15.2
Summonings     | 2 3 5 |  5.3
Fire Magic     | 2 9 10 14 15 | 15.6
Fighting       | 3 7 8 9 |  9.7
Dodging        | 4 6 7 8 |  8.6
Shields        | 3 5 |  5.8
Short Blades   | 5 7 9 |  9.4
Stealth        | 5 7 10 | 10.0
Long Blades    | 5 |  5.1
Spellcasting   | 4 6 9 10 13 14 16 18 19 20 | 20.1
Translocations | 6 |  6.0
Evocations     | 5 |  5.9
Poison Magic   | 4 |  4.2
Charms         | 2 |  2.8
Necromancy     | 8 |  8.7
Ice Magic      | 2 6 |  6.2
Air Magic      | 7 8 |  8.1
Armour         | 5 |  5.4

Action                   |  1- 3 |  4- 6 |  7- 9 | 10-12 | 13-15 | 16-18 | 19-21 | 22-24 || total
-------------------------+-------+-------+-------+-------+-------+-------+-------+-------++-------
Melee: Dagger            |    15 |     7 |   102 |   475 |   640 |   478 |   362 |   116 ||  2195
       Kick              |     2 |     1 |    16 |   104 |   135 |   120 |   105 |    49 ||   532
       Peck              |       |     2 |    15 |    67 |    92 |    64 |    72 |    26 ||   338
       Long sword        |       |       |       |     7 |       |       |       |       ||     7
       Staff             |       |       |       |       |       |     6 |     7 |       ||    13
Throw: Tomahawk          |       |       |       |    17 |     3 |     1 |       |       ||    21
       Javelin           |       |       |       |       |       |       |     5 |       ||     5
 Cast: Magic Dart        |    42 |    19 |    13 |    20 |     1 |       |       |       ||    95
       Call Imp          |    19 |    19 |    20 |    37 |    12 |       |       |       ||   107
       Conjure Flame     |       |     1 |     2 |     7 |     6 |       |     3 |       ||    19
       Mephitic Cloud    |       |       |     9 |    72 |    51 |    43 |    18 |     1 ||   194
       Iskenderun's Myst |       |       |       |    35 |       |       |       |       ||    35
       Blink             |       |       |       |     2 |     7 |     6 |    25 |    25 ||    65
       Fulminant Prism   |       |       |       |    38 |    51 |    20 |       |       ||   109
       Bolt of Fire      |       |       |       |       |   175 |    60 |    96 |     6 ||   337
       Venom Bolt        |       |       |       |       |     1 |       |       |       ||     1
       Animate Dead      |       |       |       |       |    22 |    31 |     6 |     3 ||    62
       Regeneration      |       |       |       |       |     2 |    19 |    23 |    11 ||    55
       Freezing Cloud    |       |       |       |       |       |    52 |     9 |     2 ||    63
       Summon Lightning  |       |       |       |       |       |    20 |    75 |    12 ||   107
       Orb of Destructio |       |       |       |       |       |     1 |    97 |     3 ||   101
       Ozocubu's Armour  |       |       |       |       |       |       |     6 |     1 ||     7
       Control Undead    |       |       |       |       |       |       |    23 |       ||    23
       Ignition          |       |       |       |       |       |       |    46 |    17 ||    63
       Summon Butterflie |       |       |       |       |       |       |       |     2 ||     2
       Apportation       |       |       |       |       |       |       |       |     2 ||     2
 Abil: Evoke Ratskin     |       |    11 |    30 |    37 |    20 |     2 |     1 |       ||   101
       Fly               |       |       |       |       |     1 |       |       |     1 ||     2
       Stop Flying       |       |       |       |       |       |       |     1 |       ||     1
Evoke: Wand              |       |       |       |     1 |    26 |     4 |     1 |     3 ||    35
       Phantom mirror    |       |       |       |       |     1 |       |       |       ||     1
       Lamp of fire      |       |       |       |       |       |       |     1 |     1 ||     2
       Fan of gales      |       |       |       |       |       |       |     2 |     1 ||     3
       Lightning rod     |       |       |       |       |       |       |     2 |     6 ||     8
  Use: Potion            |     1 |       |     2 |    12 |     5 |     1 |     8 |    19 ||    48
       Scroll            |       |    12 |     9 |     8 |    20 |    10 |    17 |     2 ||    78
 Stab: Paralysed         |     2 |       |       |       |       |       |       |     2 ||     4
       Sleeping          |       |     1 |     6 |    10 |    12 |     4 |     3 |       ||    36
       Confused          |       |       |     3 |    32 |    31 |    32 |    13 |     3 ||   114
       Distracted        |       |       |       |     3 |     5 |     4 |     6 |     1 ||    19
       Invisible         |       |       |       |       |     3 |       |       |       ||     3
       Betrayed ally     |       |       |       |       |       |       |     1 |       ||     1
  Eat: Chunk             |     2 |     4 |     8 |    36 |    25 |    13 |     9 |     1 ||    98
       Royal jelly       |       |     2 |     1 |     1 |     2 |       |     2 |       ||     8
       Meat ration       |       |       |     1 |     1 |     7 |     1 |     2 |       ||    12
       Fruit             |       |       |       |       |     1 |     1 |       |     2 ||     4
       Bread ration      |       |       |       |       |     3 |     4 |     3 |     1 ||    11
Armor: Robe              |     3 |     9 |       |       |     6 |       |    19 |    71 ||   108
       Leather armour    |       |       |    16 |    76 |       |       |       |       ||    92
       Skin              |       |       |    15 |    10 |       |       |       |       ||    25
       Troll leather arm |       |       |       |       |    49 |    35 |    32 |       ||   116
Dodge: Dodged            |    20 |    22 |    66 |   214 |   235 |   204 |   208 |   142 ||  1111
Block: Other             |       |       |    10 |       |       |       |       |       ||    10
       Reflection        |       |       |     6 |     7 |     2 |    41 |    27 |     1 ||    84
       Buckler           |       |       |    43 |   162 |   219 |   248 |   213 |   180 ||  1065
       Rpst.: Long sword |       |       |       |     1 |       |       |       |       ||     1
